[Event "25th Abu Dhabi Open 2018"]
[Site "Abu Dhabi"]
[Date "2018.08.13"]
[Round "7"]
[White "Aditya, Varun Gampa"]
[Black "Divinagracia, Alvin"]
[Result "1-0"]
[ECO "B12"]
[WhiteElo "1874"]
[BlackElo "2024"]
[Annotator "NA"]
[PlyCount "80"]
[EventDate "2018.08.05"]
[EventType "swiss"]
[EventCountry "UAE"]
[SourceTitle "playchess.com"]
[Source "ChessBase"]
[SourceQuality "1"]
[TimeControl "5400+30"]

1. e4 c6 2. d4 d5 3. e5 Bf5 4. h4 e6 5. g4 Ne7 6. gxf5 Nxf5 7. Nf3 c5 8. Bb5+ Nc6 9. Bxc6+ bxc6 10. c3 Qb6 11. Qb3 Qc7 12. Be3 Rb8 13. Qc2 Be7 14. Nbd2 h6 15. Nf1 Qb6 16. b3 cxd4 17. cxd4 Kd7 18. Ng3 Bb4+ 19. Kf1 Ne7 20. Kg2 Qa6 21. a3 Ba5 22. b4 Bb6 23. Nd2 g6 24. Nb3 Qb5 25. Rac1 Ke8 26. Qd2 Qa4 27. Qc3 Kf8 28. h5 g5 29. Nc5 Bxc5 30. Qxc5 Qxa3 31. Ra1 Qxb4 32. Rhb1 Qxb1 33. Rxb1 Rxb1 34. Qxa7 Rg8 35. Qc7 Ke8 36. Bd2 Rb5 37. Ba5 Rxa5 38. Qxa5 Kd7 39. Qa7+ Kd8 40. Ne2 Rf8 1-0

[Event "25th Abu Dhabi Open 2018"]
[Site "Abu Dhabi"]
[Date "2018.08.13"]
[Round "7"]
[White "Ashraf, Artin"]
[Black "Gandhi, Anish"]
[Result "0-1"]
[ECO "A50"]
[WhiteElo "1867"]
[BlackElo "2016"]
[Annotator "NA"]
[PlyCount "72"]
[EventDate "2018.08.05"]
[EventType "swiss"]
[EventCountry "UAE"]
[SourceTitle "playchess.com"]
[Source "ChessBase"]
[SourceQuality "1"]
[TimeControl "5400+30"]

1. d4 g6 2. c4 Nf6 3. f3 c5 4. d5 d6 5. e4 Bg7 6. Ne2 O-O 7. Be3 Nbd7 8. Qd2 Ne5 9. Nec3 e6 10. a4 exd5 11. cxd5 Nh5 12. Be2 f5 13. f4 Ng4 14. Bxg4 Qh4+ 15. Qf2 Qxg4 16. h3 Qg3 17. O-O fxe4 18. Nxe4 Qxf2+ 19. Bxf2 Nxf4 20. Nbc3 Be5 21. Nb5 Nxd5 22. Nbxd6 b6 23. a5 Ba6 24. Rfd1 Nf4 25. Ra3 Bxb2 26. Rb3 Bd4 27. axb6 Ne2+ 28. Kh2 Bxf2 29. Nxf2 Rxf2 30. b7 Rb8 31. Ne4 Rf5 32. g4 Rf7 33. Ra1 Bxb7 34. Rxa7 Re8 35. Rbxb7 Rxb7 36. Nf6+ Kf7 0-1

[Event "25th Abu Dhabi Open 2018"]
[Site "Abu Dhabi"]
[Date "2018.08.14"]
[Round "8"]
[White "Umbetov, Kazybek"]
[Black "Abucejo, Armel N"]
[Result "1-0"]
[ECO "A01"]
[WhiteElo "2055"]
[BlackElo "2020"]
[Annotator "NA"]
[PlyCount "125"]
[EventDate "2018.08.05"]
[EventType "swiss"]
[EventCountry "UAE"]
[SourceTitle "playchess.com"]
[Source "ChessBase"]
[SourceQuality "1"]
[TimeControl "5400+30"]

1. b3 d5 2. Bb2 Bg4 3. Nf3 Nd7 4. e3 Ngf6 5. Be2 e6 6. O-O Bd6 7. h3 Bh5 8. d3 Qe7 9. c4 c6 10. Nbd2 h6 11. cxd5 cxd5 12. e4 Bxf3 13. Nxf3 e5 14. exd5 Nxd5 15. d4 e4 16. Ne5 O-O 17. Bc4 N5b6 18. Ng6 Qg5 19. Nxf8 Rxf8 20. Qg4 Qd2 21. Bc1 Qxd4 22. Bxh6 Nxc4 23. bxc4 Qe5 24. Qxg7+ Qxg7 25. Bxg7 Kxg7 26. Rad1 Nb6 27. Rxd6 Nxc4 28. Rd4 b5 29. a4 a6 30. axb5 axb5 31. Rxe4 Rb8 32. Rb1 Nd6 33. Rd4 Rb6 34. h4 Kf6 35. h5 Ke5 36. Rdb4 f5 37. h6 Rb7 38. Rh4 Rh7 39. Kh2 Kf6 40. Kg3 Kg5 41. f3 f4+ 42. Rxf4 Rxh6 43. Rfb4 Re6 44. Rxb5+ Nxb5 45. Rxb5+ Kg6 46. Kg4 Ra6 47. f4 Rc6 48. Kh4 Rc1 49. g3 Ra1 50. Kg4 Ra6 51. Re5 Kf6 52. Rh5 Ra3 53. Rh6+ Kg7 54. Rb6 Ra5 55. f5 Ra3 56. Kf4 Ra4+ 57. Kg5 Ra3 58. g4 Ra7 59. Kh5 Kh7 60. g5 Rc7 61. g6+ Kg8 62. f6 Rc8 63. Kh6 1-0

[Event "25th Abu Dhabi Open 2018"]
[Site "Abu Dhabi"]
[Date "2018.08.14"]
[Round "8"]
[White "Ovezdurdiyeva, Jemal"]
[Black "Soham, Datar"]
[Result "1-0"]
[ECO "D11"]
[WhiteElo "2041"]
[BlackElo "2030"]
[Annotator "NA"]
[PlyCount "91"]
[EventDate "2018.08.05"]
[EventType "swiss"]
[EventCountry "UAE"]
[SourceTitle "playchess.com"]
[Source "ChessBase"]
[SourceQuality "1"]
[TimeControl "5400+30"]

1. d4 d5 2. c4 c6 3. Nf3 Nf6 4. e3 a6 5. Bd3 b5 6. b3 Bg4 7. Nbd2 Nbd7 8. Qc2 e6 9. O-O c5 10. cxb5 Rc8 11. Qd1 axb5 12. Bxb5 cxd4 13. exd4 Bb4 14. Bb2 O-O 15. a3 Bd6 16. h3 Bh5 17. Bd3 e5 18. dxe5 Bxe5 19. Qb1 Bxb2 20. Qxb2 Ne4 21. Nxe4 Bxf3 22. Ng3 Be4 23. Nxe4 dxe4 24. Bxe4 Nc5 25. Bf5 Rb8 26. b4 g6 27. Qc2 Nb7 28. Bg4 Qh4 29. Rad1 h5 30. Bf3 Nd8 31. Bd5 Kg7 32. Qc7 Rb5 33. Rfe1 Kg8 34. Qd6 Kg7 35. a4 Rxd5 36. Rxd5 Ne6 37. Qe5+ Kg8 38. Re4 Qe7 39. Qd6 Qf6 40. Qe5 Qe7 41. b5 Qa3 42. b6 Qb3 43. Rb5 Qd1+ 44. Re1 Qxa4 45. b7 Qa7 46. b8=Q 1-0

[Event "25th Abu Dhabi Open 2018"]
[Site "Abu Dhabi"]
[Date "2018.08.14"]
[Round "8"]
[White "Gandhi, Anish"]
[Black "Shanya, Mishra"]
[Result "1-0"]
[ECO "B48"]
[WhiteElo "2016"]
[BlackElo "1943"]
[Annotator "NA"]
[PlyCount "123"]
[EventDate "2018.08.05"]
[EventType "swiss"]
[EventCountry "UAE"]
[SourceTitle "playchess.com"]
[Source "ChessBase"]
[SourceQuality "1"]
[TimeControl "5400+30"]

1. e4 c5 2. Nf3 e6 3. d4 cxd4 4. Nxd4 Nc6 5. Nc3 Qc7 6. Be3 a6 7. Qf3 Bb4 8. Nxc6 bxc6 9. Bd4 e5 10. Qg3 f6 11. Qxg7 exd4 12. Qxh8 Kf8 13. a3 Qa5 14. axb4 Qxa1+ 15. Nd1 Qa4 16. c3 dxc3 17. bxc3 d5 18. Qxh7 Qc2 19. Be2 Qxe4 20. Qxe4 dxe4 21. O-O a5 22. bxa5 Rxa5 23. Ne3 Ne7 24. Rb1 Ba6 25. Rb8+ Bc8 26. Bg4 f5 27. Bxf5 Ra1+ 28. Nf1 Nxf5 29. Rxc8+ Ke7 30. Rb8 e3 31. Rb2 exf2+ 32. Rxf2 Ne3 33. h3 Kd6 34. Rf3 Nd5 35. h4 Rc1 36. Kh2 Nxc3 37. h5 Nd5 38. h6 Ra1 39. g4 Ra8 40. Kg3 Ne7 41. Ne3 c5 42. g5 Ke5 43. Ng4+ Kd4 44. Rf4+ Kd5 45. Ne3+ Ke6 46. Rf6+ Ke5 47. Ng4+ Kd4 48. Rd6+ Kc3 49. Re6 Nf5+ 50. Kf4 Nxh6 51. gxh6 c4 52. h7 Kd2 53. Rd6+ Ke2 54. Rh6 c3 55. h8=Q Rxh8 56. Rxh8 c2 57. Rh2+ Kd3 58. Ne5+ Kc3 59. Rh1 Kd2 60. Nf3+ Kc3 61. Ke3 Kb2 62. Ke4 1-0

[Event "25th Abu Dhabi Open 2018"]
[Site "Abu Dhabi"]
[Date "2018.08.14"]
[Round "8"]
[White "Al Saleh, Mohammad"]
[Black "Loay, Sameer"]
[Result "0-1"]
[ECO "B06"]
[WhiteElo "2012"]
[BlackElo "2043"]
[Annotator "NA"]
[PlyCount "116"]
[EventDate "2018.08.05"]
[EventType "swiss"]
[EventCountry "UAE"]
[SourceTitle "playchess.com"]
[Source "ChessBase"]
[SourceQuality "1"]
[TimeControl "5400+30"]

1. e4 d6 2. d4 g6 3. Nc3 Bg7 4. f4 Nc6 5. Be3 Nf6 6. Nf3 O-O 7. e5 dxe5 8. fxe5 Ng4 9. Bg1 f6 10. e6 Nb4 11. Bc4 c6 12. Qe2 Nd5 13. h3 Nh6 14. O-O-O Nxc3 15. bxc3 Nf5 16. Qe1 Qa5 17. Kb2 b5 18. Bb3 Nd6 19. Ka1 Qa3 20. Be3 Nc4 21. Bc1 Qd6 22. h4 Bxe6 23. h5 Bd5 24. hxg6 hxg6 25. Qh4 Kf7 26. Rhf1 Rh8 27. Qg4 f5 28. Ng5+ Kg8 29. Qe2 Bf6 30. g4 e6 31. gxf5 exf5 32. Rg1 Kg7 33. Nf3 Rae8 34. Qg2 Bf7 35. Rdf1 Re4 36. Rh1 Rg4 37. Qe2 Qg3 38. Rxh8 Kxh8 39. Bxc4 bxc4 40. Ne5 Bxe5 41. dxe5 Re4 42. Qd2 Qxe5 43. Rh1+ Kg8 44. Qd8+ Be8 45. Bg5 Qxc3+ 46. Kb1 Re1+ 47. Rxe1 Qxe1+ 48. Kb2 Qe5+ 49. Kc1 c3 50. Kb1 Qb5+ 51. Kc1 Qf1+ 52. Qd1 Qxd1+ 53. Kxd1 Kf7 54. Ke2 Ke6 55. Ke3 Kd5 56. Bf6 Kc4 57. Kf4 c5 58. Be7 Ba4 0-1

[Event "25th Abu Dhabi Open 2018"]
[Site "Abu Dhabi"]
[Date "2018.08.14"]
[Round "8"]
[White "Sameir, Ramez"]
[Black "Sahithi, Varshini M"]
[Result "0-1"]
[ECO "B07"]
[WhiteElo "2000"]
[BlackElo "1728"]
[Annotator "NA"]
[PlyCount "70"]
[EventDate "2018.08.05"]
[EventType "swiss"]
[EventCountry "UAE"]
[SourceTitle "playchess.com"]
[Source "ChessBase"]
[SourceQuality "1"]
[TimeControl "5400+30"]

1. e4 d6 2. d4 Nf6 3. Nc3 g6 4. f3 Bg7 5. Be3 O-O 6. Qd2 Nbd7 7. O-O-O c6 8. Bh6 b5 9. h4 b4 10. Nce2 Bxh6 11. Qxh6 Qa5 12. Kb1 Nb6 13. h5 e5 14. hxg6 fxg6 15. dxe5 Qxe5 16. Nf4 Qe7 17. Nxg6 hxg6 18. Qxg6+ Qg7 19. Qxg7+ Kxg7 20. Rxd6 Nxe4 21. Rdh6 Nd2+ 22. Kc1 Nxf1 23. Rh7+ Kg8 24. Rh8+ Kf7 25. R8h7+ Ke6 26. Ne2 Ne3 27. R1h6+ Kd5 28. c4+ Nexc4 29. Re7 Nd6 30. Rh5+ Rf5 31. Nf4+ Kc5 32. Re5+ Rxe5 33. Rxe5+ Nd5 34. a4 Kd4 35. Ng6 Bf5 0-1

[Event "25th Abu Dhabi Open 2018"]
[Site "Abu Dhabi"]
[Date "2018.08.14"]
[Round "8"]
[White "Masrahi, Abdulrahman A"]
[Black "Ammar, Sedrani"]
[Result "1/2-1/2"]
[ECO "D00"]
[WhiteElo "1976"]
[BlackElo "2109"]
[Annotator "NA"]
[PlyCount "113"]
[EventDate "2018.08.05"]
[EventType "swiss"]
[EventCountry "UAE"]
[SourceTitle "playchess.com"]
[Source "ChessBase"]
[SourceQuality "1"]
[TimeControl "5400+30"]

1. d4 d5 2. Bf4 c5 3. e3 Nc6 4. c3 Qb6 5. Qb3 c4 6. Qc2 e5 7. dxe5 Bf5 8. Qc1 g5 9. Bg3 h5 10. h4 gxh4 11. Rxh4 Nge7 12. Nf3 Ng6 13. Rh1 h4 14. Bh2 h3 15. Nbd2 hxg2 16. Bxg2 Bg7 17. b3 Bxe5 18. Bxe5 Rxh1+ 19. Bxh1 Ngxe5 20. Qa3 O-O-O 21. bxc4 dxc4 22. Nd4 Nxd4 23. cxd4 Nd3+ 24. Ke2 Nb2 25. Be4 Bxe4 26. Nxe4 Nd3 27. Rg1 f5 28. Nd2 Nb4 29. Nxc4 Qb5 30. Kd2 Nd5 31. Nd6+ Rxd6 32. Qxd6 Qb2+ 33. Ke1 Qb1+ 34. Ke2 Nc3+ 35. Kf3 Qe4+ 36. Kg3 Ne2+ 37. Kh2 Qh4+ 38. Kg2 Qg4+ 39. Kf1 Nxg1 40. Qf8+ Kd7 41. Qf7+ Kd6 42. Qf6+ Kd5 43. Qe5+ Kc4 44. Qc5+ Kd3 45. Qb5+ Kc2 46. Qc4+ Kb1 47. Qb3+ Ka1 48. Qc3+ Kxa2 49. Qa5+ Kb3 50. Qb5+ Kc3 51. Qc5+ Kd3 52. Qb5+ Kc2 53. Qc4+ Kb2 54. Qb4+ Kc2 55. Qc4+ Kd2 56. Qb4+ Kd3 57. Qb3+ 1/2-1/2

[Event "25th Abu Dhabi Open 2018"]
[Site "Abu Dhabi"]
[Date "2018.08.14"]
[Round "8"]
[White "Lagutin, Nelman"]
[Black "Hallaeva, Bahar"]
[Result "0-1"]
[WhiteElo "1955"]
[BlackElo "2098"]
[Annotator "NA"]
[PlyCount "60"]
[EventDate "2018.08.05"]
[EventType "swiss"]
[EventCountry "UAE"]
[SourceTitle "playchess.com"]
[Source "ChessBase"]
[SourceQuality "1"]
[TimeControl "5400+30"]

1. e4 e5 2. Nf3 Nc6 3. d4 exd4 4. Bc4 Nf6 5. e5 d5 6. Bb5 Ne4 7. Nxd4 Bd7 8. Nxc6 bxc6 9. Bd3 Qh4 10. O-O Bc5 11. Bxe4 dxe4 12. Nc3 Bf5 13. Be3 Qe7 14. e6 Bd6 15. exf7+ Qxf7 16. Qd4 Qh5 17. g3 Qg6 18. f4 O-O 19. Rae1 h5 20. Ne2 h4 21. c4 Bb4 22. Rd1 Be7 23. Bf2 Bg4 24. Qe3 Bc5 25. Qd2 e3 26. Bxe3 Bxe3+ 27. Qxe3 Rae8 28. f5 Qf6 29. Qc5 Bxe2 30. Rde1 Bxf1 0-1

[Event "25th Abu Dhabi Open 2018"]
[Site "Abu Dhabi"]
[Date "2018.08.14"]
[Round "8"]
[White "Mahitosh, Dey"]
[Black "Laabi Chian, Majid"]
[Result "0-1"]
[ECO "B94"]
[WhiteElo "1887"]
[BlackElo "2013"]
[Annotator "NA"]
[PlyCount "99"]
[EventDate "2018.08.05"]
[EventType "swiss"]
[EventCountry "UAE"]
[SourceTitle "playchess.com"]
[Source "ChessBase"]
[SourceQuality "1"]
[TimeControl "5400+30"]

1. e4 c5 2. Nf3 d6 3. d4 cxd4 4. Nxd4 Nf6 5. Nc3 a6 6. Bg5 Nbd7 7. f4 b5 8. Nd5 Bb7 9. Bxf6 Nxf6 10. Nxf6+ gxf6 11. Nxb5 Qa5+ 12. Nc3 Bxe4 13. Qd4 Bb7 14. b4 Qc7 15. b5 e5 16. Qc4 Qxc4 17. Bxc4 axb5 18. Bxb5+ Kd8 19. fxe5 Rc8 20. Ne2 Rg8 21. O-O-O Rxg2 22. exf6 Be4 23. c3 Bh6+ 24. Kb2 Rb8 25. a4 Rxe2+ 26. Ka3 Rd2 27. Rxd2 Bxd2 28. Rd1 Bf4 29. Re1 d5 30. c4 Bd6+ 31. Kb2 Kc7 32. cxd5 Bxd5 33. Rc1+ Kb6 34. Rd1 Be5+ 35. Ka3 Rd8 36. Bc4 Kc5 37. Bxd5 Rxd5 38. Rc1+ Kd6 39. Kb4 Bxf6 40. a5 Bd4 41. a6 Bb6 42. Rf1 f5 43. Ra1 Ba7 44. Rc1 Kd7 45. Rf1 Ke6 46. Rc1 Kd7 47. Rc4 Rd4 48. Rxd4+ Bxd4 49. Kc4 Ba7 50. Kd5 0-1

[Event "25th Abu Dhabi Open 2018"]
[Site "Abu Dhabi"]
[Date "2018.08.14"]
[Round "8"]
[White "Abid, Ali Mujawar"]
[Black "Haase, Pavel"]
[Result "0-1"]
[ECO "B07"]
[WhiteElo "1880"]
[BlackElo "2177"]
[Annotator "NA"]
[PlyCount "67"]
[EventDate "2018.08.05"]
[EventType "swiss"]
[EventCountry "UAE"]
[SourceTitle "playchess.com"]
[Source "ChessBase"]
[SourceQuality "1"]
[TimeControl "5400+30"]

1. e4 d6 2. d4 Nf6 3. Nc3 g6 4. Be2 Bg7 5. Be3 Nbd7 6. Qd2 h6 7. f4 Nb6 8. h3 c6 9. O-O-O Be6 10. g4 Nc4 11. Bxc4 Bxc4 12. e5 Nd5 13. b3 Nxc3 14. Qxc3 Bd5 15. Rh2 Qc7 16. Qb2 b5 17. Ne2 h5 18. g5 b4 19. c4 bxc3 20. Nxc3 O-O 21. Nxd5 cxd5+ 22. Kb1 Qd7 23. Qg2 Rfd8 24. Rc1 a5 25. Ka1 Qb7 26. Qf1 a4 27. bxa4 Rxa4 28. Rb2 Qa7 29. Qd3 Ra8 30. Qb1 dxe5 31. fxe5 Bxe5 32. dxe5 Qxe3 33. Rf1 Qxe5 34. Qc2 0-1

[Event "25th Abu Dhabi Open 2018"]
[Site "Abu Dhabi"]
[Date "2018.08.14"]
[Round "8"]
[White "Aditya, Varun Gampa"]
[Black "Bauyrzhan, Arnash"]
[Result "1-0"]
[ECO "B40"]
[WhiteElo "1874"]
[BlackElo "2007"]
[Annotator "NA"]
[PlyCount "122"]
[EventDate "2018.08.05"]
[EventType "swiss"]
[EventCountry "UAE"]
[SourceTitle "playchess.com"]
[Source "ChessBase"]
[SourceQuality "1"]
[TimeControl "5400+30"]

1. e4 c5 2. Nf3 e6 3. d4 cxd4 4. Nxd4 a6 5. c4 Nf6 6. Nc3 Bb4 7. Qd3 Qc7 8. a3 Bxc3+ 9. Qxc3 O-O 10. Bd3 d6 11. O-O e5 12. Ne2 Be6 13. Bg5 Nfd7 14. Rac1 Nc6 15. b4 Rac8 16. Rfd1 f6 17. Be3 Ne7 18. c5 d5 19. Qb3 Bf7 20. exd5 Nxd5 21. Bf5 Nf4 22. Qc2 Nxe2+ 23. Qxe2 Rcd8 24. Qd3 Kh8 25. Bxd7 Be8 26. c6 bxc6 27. Qd6 Qxd6 28. Rxd6 Rxd7 29. Rcxc6 Rxd6 30. Rxd6 Bb5 31. a4 Bxa4 32. Rxa6 Rd8 33. h4 Be8 34. Bc5 Kg8 35. Ra7 Rd7 36. Ra8 Kf7 37. Rb8 Rc7 38. Be3 Bc6 39. Bc5 Rb7 40. Rc8 Bb5 41. Rd8 Ke6 42. Rd6+ Kf5 43. f3 Kg6 44. Kf2 Kf7 45. Kg3 f5 46. h5 Bc4 47. h6 gxh6 48. Rxh6 Kg7 49. Rd6 Bb3 50. Kf2 Bc4 51. g3 Kf7 52. Ke3 Bf1 53. Rh6 Kg7 54. Re6 f4+ 55. gxf4 exf4+ 56. Kxf4 Bc4 57. Rd6 Be2 58. Kg3 Rf7 59. f4 h5 60. Be3 Rb7 61. Bc5 Rf7 1-0

[Event "25th Abu Dhabi Open 2018"]
[Site "Abu Dhabi"]
[Date "2018.08.15"]
[Round "9"]
[White "Haase, Pavel"]
[Black "Aditya, Varun Gampa"]
[Result "0-1"]
[ECO "A35"]
[WhiteElo "2177"]
[BlackElo "1874"]
[Annotator "NA"]
[PlyCount "98"]
[EventDate "2018.08.05"]
[EventType "swiss"]
[EventCountry "UAE"]
[SourceTitle "playchess.com"]
[Source "ChessBase"]
[SourceQuality "1"]
[TimeControl "5400+30"]

1. c4 c5 2. Nc3 Nc6 3. e3 Nf6 4. Nf3 g6 5. Qb3 Bg7 6. d4 cxd4 7. exd4 O-O 8. Be2 d5 9. cxd5 Na5 10. Qb5 a6 11. Qc5 b6 12. Qb4 Bb7 13. d6 exd6 14. Bf4 d5 15. O-O Re8 16. Rfe1 b5 17. Be5 Nc4 18. a4 Bc6 19. axb5 axb5 20. Qc5 Qd7 21. Bxc4 bxc4 22. Rxa8 Rxa8 23. Bg3 Ne4 24. Nxe4 dxe4 25. Ne5 Bxe5 26. Bxe5 Qd5 27. Qe7 Qe6 28. Qh4 Bd5 29. g4 Bc6 30. g5 e3 31. fxe3 c3 32. h3 cxb2 33. Qh6 Qxe5 34. dxe5 Ra1 35. Qh4 Rxe1+ 36. Qxe1 Be4 37. Qa5 b1=Q+ 38. Kf2 Qc2+ 39. Ke1 Qd3 40. Kf2 Bc6 41. h4 Qd5 42. Qb6 Qd2+ 43. Kf1 Bf3 44. Qb5 Qg2+ 45. Ke1 Qg1+ 46. Kd2 Qf2+ 47. Kc3 Qxe3+ 48. Kb4 Qe4+ 49. Ka3 Qa8+ 0-1

[Event "25th Abu Dhabi Open 2018"]
[Site "Abu Dhabi"]
[Date "2018.08.15"]
[Round "9"]
[White "Ammar, Sedrani"]
[Black "Mahitosh, Dey"]
[Result "1/2-1/2"]
[ECO "D02"]
[WhiteElo "2109"]
[BlackElo "1887"]
[Annotator "NA"]
[PlyCount "70"]
[EventDate "2018.08.05"]
[EventType "swiss"]
[EventCountry "UAE"]
[SourceTitle "playchess.com"]
[Source "ChessBase"]
[SourceQuality "1"]
[TimeControl "5400+30"]

1. d4 d5 2. Nf3 Nf6 3. Bf4 c5 4. e3 Nc6 5. Nc3 c4 6. Be2 e6 7. O-O Bd6 8. Bg5 O-O 9. b3 Qa5 10. Bxf6 Qxc3 11. Bh4 b5 12. a3 Qa5 13. b4 Qc7 14. c3 Bd7 15. Bg3 a5 16. Bxd6 Qxd6 17. Qc2 f5 18. Nd2 Ra7 19. f4 Rfa8 20. Rac1 axb4 21. axb4 Ra2 22. Qd1 Rb2 23. Rc2 Raa2 24. Rxb2 Rxb2 25. Nf3 Qb8 26. Ne5 Nxe5 27. fxe5 Qa8 28. Bf3 Be8 29. Qa1 Ra2 30. Qc1 h6 31. Qb1 Bg6 32. g4 Qa3 33. Qc1 fxg4 34. Qxa3 Rxa3 35. Bxg4 Ra6 1/2-1/2

[Event "25th Abu Dhabi Open 2018"]
[Site "Abu Dhabi"]
[Date "2018.08.15"]
[Round "9"]
[White "Hallaeva, Bahar"]
[Black "Gandhi, Anish"]
[Result "0-1"]
[ECO "B22"]
[WhiteElo "2098"]
[BlackElo "2016"]
[Annotator "NA"]
[PlyCount "171"]
[EventDate "2018.08.05"]
[EventType "swiss"]
[EventCountry "UAE"]
[SourceTitle "playchess.com"]
[Source "ChessBase"]
[SourceQuality "1"]
[TimeControl "5400+30"]

1. e4 c5 2. c3 Nf6 3. e5 Nd5 4. Nf3 Nc6 5. Bc4 Nb6 6. Bb3 c4 7. Bc2 Qc7 8. Qe2 g5 9. Nxg5 Qxe5 10. Qxe5 Nxe5 11. O-O h6 12. Ne4 d5 13. Ng3 h5 14. h3 Bd7 15. b3 O-O-O 16. a4 a5 17. Ba3 e6 18. Bxf8 Rdxf8 19. bxc4 Nexc4 20. d3 Nd6 21. Nd2 h4 22. Ne2 e5 23. Nf3 f6 24. Kh2 Bc6 25. Rfe1 Rfg8 26. Bb3 Rg7 27. Ra2 Nd7 28. d4 Ne4 29. Rf1 Rh5 30. Kh1 Rf5 31. Bc2 Rh5 32. Bb3 Nb6 33. Bd1 Nc4 34. Bb3 Ncd6 35. Rc2 Kd7 36. Neg1 Nc4 37. Rd1 Ke6 38. Re1 Ncd6 39. Ree2 Kf5 40. Re1 Kg6 41. Rd1 Nc4 42. Ne1 Na3 43. Ra2 Nc4 44. Rc2 Kh6 45. Ngf3 Rf5 46. Rdc1 Kh5 47. Re2 Ncd6 48. Bd1 Kh6 49. Nd3 Nf7 50. Ra2 Rh5 51. Rb2 Rg8 52. Bb3 Nfg5 53. Nfe1 Ne6 54. Nf3 N6g5 55. Nfe1 Nf7 56. Re2 Nfd6 57. Nf3 Re8 58. Bd1 b5 59. Ra2 Nc4 60. Bb3 bxa4 61. Bxa4 Bxa4 62. Rxa4 Rb8 63. Nh2 Kg6 64. Ng4 Kf5 65. Ne3+ Nxe3 66. fxe3 Ng3+ 67. Kh2 Ke4 68. Nc5+ Kxe3 69. Ra2 Kf4 70. Rxa5 e4 71. Ra2 e3 72. Nd7 Rc8 73. Nxf6 Rf5 74. Ng4 e2 75. Nf2 Ke3 76. Ng4+ Ke4 77. Rac2 Rcf8 78. Ne5 Rf1 79. Nf3 Ke3 80. c4 Rxc1 81. Rxc1 dxc4 82. d5 Kf2 83. d6 Rd8 84. Rxc4 Rxd6 85. Rxh4 Rd1 86. Rf4 0-1

[Event "25th Abu Dhabi Open 2018"]
[Site "Abu Dhabi"]
[Date "2018.08.15"]
[Round "9"]
[White "Loay, Sameer"]
[Black "Umbetov, Kazybek"]
[Result "0-1"]
[ECO "A06"]
[WhiteElo "2043"]
[BlackElo "2055"]
[Annotator "NA"]
[PlyCount "104"]
[EventDate "2018.08.05"]
[EventType "swiss"]
[EventCountry "UAE"]
[SourceTitle "playchess.com"]
[Source "ChessBase"]
[SourceQuality "1"]
[TimeControl "5400+30"]

1. Nf3 d5 2. g3 Nf6 3. Bg2 c6 4. O-O Bf5 5. d3 e6 6. Nbd2 Be7 7. Nh4 Bg4 8. h3 Bh5 9. g4 Nfd7 10. gxh5 Bxh4 11. Nf3 Bf6 12. c4 Na6 13. Rb1 dxc4 14. dxc4 Qa5 15. a3 Qxh5 16. b4 Rd8 17. Qb3 O-O 18. Be3 Nb6 19. a4 Be7 20. a5 Nc8 21. Qa4 Nc7 22. Rfd1 f6 23. Rxd8 Rxd8 24. Rd1 Rxd1+ 25. Qxd1 Qe8 26. Qb1 Qd7 27. Nd2 f5 28. Nf3 Bf6 29. Bf4 Ne8 30. b5 cxb5 31. cxb5 Nc7 32. Ne5 Qxb5 33. Qxb5 Nxb5 34. Bxb7 Ncd6 35. a6 g5 36. Nd7 gxf4 37. Nxf6+ Kh8 38. Kg2 e5 39. Nd7 e4 40. Nf6 Nd4 41. e3 f3+ 42. Kg3 Ne2+ 43. Kh4 Kg7 44. Nd5 Kh6 45. Ne7 Nc1 46. Kg3 Nd3 47. Nc6 f4+ 48. exf4 Nf5+ 49. Kh2 e3 50. Ne7 Nxe7 51. fxe3 f2 52. Kg2 Nf5 0-1

[Event "25th Abu Dhabi Open 2018"]
[Site "Abu Dhabi"]
[Date "2018.08.15"]
[Round "9"]
[White "Soham, Datar"]
[Black "Masrahi, Abdulrahman A"]
[Result "1-0"]
[ECO "A06"]
[WhiteElo "2030"]
[BlackElo "1976"]
[Annotator "NA"]
[PlyCount "111"]
[EventDate "2018.08.05"]
[EventType "swiss"]
[EventCountry "UAE"]
[SourceTitle "playchess.com"]
[Source "ChessBase"]
[SourceQuality "1"]
[TimeControl "5400+30"]

1. Nf3 d5 2. c4 c6 3. g3 Nf6 4. Bg2 Bf5 5. cxd5 cxd5 6. Qb3 Bc8 7. Nc3 Nc6 8. O-O e6 9. d3 Be7 10. Bf4 a6 11. Rac1 Na5 12. Qd1 Nc6 13. Qb3 Na5 14. Qc2 Nc6 15. e4 O-O 16. exd5 Nb4 17. Qe2 Nfxd5 18. Nxd5 Nxd5 19. a3 Bd7 20. Be5 Rc8 21. Rc4 Bb5 22. Rxc8 Qxc8 23. Nd4 Qd7 24. Nxb5 Qxb5 25. Rc1 Rd8 26. h4 h6 27. Rc4 b6 28. Bf3 Bf6 29. Rg4 h5 30. Rc4 Bxe5 31. Qxe5 g6 32. Qg5 Qd7 33. Rd4 Kh7 34. Be4 Kg7 35. g4 hxg4 36. h5 f5 37. Qxg6+ Kh8 38. Bxd5 exd5 39. Rf4 Rf8 40. Qxb6 Qf7 41. Qh6+ Kg8 42. Qxa6 Qxh5 43. Qe6+ Qf7 44. Qxf7+ Rxf7 45. Kg2 Kg7 46. Rd4 Rd7 47. Kg3 Kf6 48. Kf4 Ke6 49. Rb4 Rd6 50. a4 Rc6 51. a5 Rc2 52. Rb6+ Kd7 53. Kxf5 Rxf2+ 54. Kxg4 Kc7 55. Rb3 Rf1 56. a6 1-0

[Event "25th Abu Dhabi Open 2018"]
[Site "Abu Dhabi"]
[Date "2018.08.15"]
[Round "9"]
[White "Laabi Chian, Majid"]
[Black "Huang, Zixiu"]
[Result "0-1"]
[ECO "A45"]
[WhiteElo "2013"]
[BlackElo "1864"]
[Annotator "NA"]
[PlyCount "84"]
[EventDate "2018.08.05"]
[EventType "swiss"]
[EventCountry "UAE"]
[SourceTitle "playchess.com"]
[Source "ChessBase"]
[SourceQuality "1"]
[TimeControl "5400+30"]

1. d4 Nf6 2. c3 d5 3. Bf4 e6 4. Nd2 c5 5. e3 Nc6 6. Bd3 c4 7. Bc2 b5 8. a3 Be7 9. h3 Bb7 10. Ngf3 a5 11. O-O O-O 12. Ne5 Nxe5 13. dxe5 Nd7 14. Nf3 Re8 15. Nd4 b4 16. Bg3 b3 17. Bb1 Bf8 18. f4 g6 19. h4 f5 20. exf6 Nxf6 21. Bh2 Bc5 22. g4 Qb6 23. Rf2 Re7 24. Rg2 Kh8 25. Qe1 Nd7 26. h5 e5 27. fxe5 Nxe5 28. Qg3 Rf8 29. Rf2 Rxf2 30. Qxf2 Kg7 31. hxg6 hxg6 32. Qf4 Qf6 33. Bf5 Bxd4 34. cxd4 Nf7 35. Kh1 gxf5 36. gxf5 Kh7 37. Rg1 Nh6 38. Rg6 Qf8 39. Qg5 c3 40. Bf4 Kh8 41. Rxh6+ Qxh6+ 42. Qxh6+ Rh7 {Qg5 Rh6+ Qf6+ Rxf6} 0-1

[Event "25th Abu Dhabi Open 2018"]
[Site "Abu Dhabi"]
[Date "2018.08.15"]
[Round "9"]
[White "Stanley, Samson P."]
[Black "Mustafayev, Farid"]
[Result "0-1"]
[ECO "D05"]
[WhiteElo "1927"]
[BlackElo "2127"]
[Annotator "NA"]
[PlyCount "78"]
[EventDate "2018.08.05"]
[EventType "swiss"]
[EventCountry "UAE"]
[SourceTitle "playchess.com"]
[Source "ChessBase"]
[SourceQuality "1"]
[TimeControl "5400+30"]

1. d4 d5 2. e3 Nf6 3. Bd3 g6 4. c4 c6 5. Nc3 Bg7 6. Nf3 O-O 7. O-O Nbd7 8. cxd5 Nxd5 9. Qb3 Nxc3 10. bxc3 Nc5 11. Qc2 Nxd3 12. Qxd3 e5 13. h3 Re8 14. Qc2 exd4 15. cxd4 Qd5 16. Nd2 Bf5 17. Qb3 Qd7 18. Bb2 b5 19. Rfc1 Rac8 20. Ba3 a5 21. Bc5 a4 22. Qc3 Bh6 23. g4 Bxg4 24. hxg4 Qxg4+ 25. Kf1 Rcd8 26. Ke1 Rd5 27. Nf1 Qg1 28. Rc2 Rf5 29. d5 Rxd5 30. Rd2 Rf5 31. Rad1 Bg5 32. Re2 h5 33. e4 Rfe5 34. Rd4 Qh1 35. Qc2 R5e6 36. Rb4 h4 37. Be3 Bd8 38. f3 Ba5 39. Rh2 Qxf3 0-1

[Event "25th Abu Dhabi Open 2018"]
[Site "Abu Dhabi"]
[Date "2018.08.15"]
[Round "9"]
[White "Sanskriti, Goyal"]
[Black "Salem, Ahmed Salem"]
[Result "1/2-1/2"]
[ECO "D59"]
[WhiteElo "1924"]
[BlackElo "1977"]
[Annotator "NA"]
[PlyCount "75"]
[EventDate "2018.08.05"]
[EventType "swiss"]
[EventCountry "UAE"]
[SourceTitle "playchess.com"]
[Source "ChessBase"]
[SourceQuality "1"]
[TimeControl "5400+30"]

1. d4 Nf6 2. c4 e6 3. Nc3 d5 4. Bg5 Be7 5. Nf3 h6 6. Bh4 O-O 7. e3 b6 8. cxd5 Nxd5 9. Bxe7 Qxe7 10. Rc1 Nxc3 11. Rxc3 Bb7 12. Bd3 Rc8 13. Qc2 Na6 14. a3 c5 15. Bxa6 Bxa6 16. dxc5 bxc5 17. Qa4 Qd6 18. Nd2 Rd8 19. Ne4 Qd5 20. f3 Rab8 21. b4 Qa2 22. Qxa6 Qb1+ 23. Kf2 Qxh1 24. Rxc5 Rd1 25. Kg3 Qe1+ 26. Kh3 g5 27. g3 Qf1+ 28. Qxf1 Rxf1 29. Kg2 Ra1 30. Ra5 Ra2+ 31. Kh3 Rd8 32. Rxa7 Rd3 33. b5 Rdxa3 34. Rxa3 Rxa3 35. b6 Rb3 36. Nf6+ Kf8 37. Kg4 Ke7 38. Ng8+ 1/2-1/2